 Dungeon Crawl Stone Soup version 0.16.1-2-g95b8d4c (webtiles) character file.

2208 inmateoo the Covert (level 9, -18/46 HPs)
             Began as a Spriggan Assassin on Mar 25, 2015.
             Was a Priest of Zin.
             Killed from afar by Dowan (32 damage)
             ... with a shard of ice
             ... on level 6 of the Dungeon.
             The game lasted 00:13:11 (7255 turns).

inmateoo the Covert (Spriggan Assassin)             Turns: 7255, Time: 00:13:12

Health: -18/46     AC:  4    Str:  7    XL:     9   Next: 13%
Magic:  22/22      EV: 23    Int: 12    God:    Zin [***...]
Gold:   275        SH:  0    Dex: 21    Spells: 0 memorised, 8 levels left

rFire  + . .     SeeInvis +     a - +2 dagger (venom)
rCold  . . .     Clarity  .     C - +1 robe {rF+}
rNeg   . . .     SustAb   .     (shield restricted)
rPois  +         Gourm    .     (helmet restricted)
rElec  .         Spirit   .     d - +0 cloak
rCorr  .         Warding  .     (gloves unavailable)
rMut   .         Stasis   .     (boots unavailable)
MR     +....                    (no amulet)
Stlth  ++++++....               (no ring)
                                y - ring of poison resistance

@: very quick, somewhat resistant to hostile enchantments, very stealthy
A: unfitting armour, see invisible, herbivore 3, speed 3, slow metabolism 2
a: Recite, Vitalisation, Imprison, Renounce Religion


You were on level 6 of the Dungeon.
You worshipped Zin.
Zin was most pleased with you.
You were very hungry.

You visited 2 branches of the dungeon, and saw 7 of its levels.

You collected 305 gold pieces.
You donated 30 gold pieces to Zin.

Inventory:

Hand weapons
 a - a +2 dagger of venom (weapon)
 b - a +0 blowgun
 r - a +0 short sword of venom
 z - a +0 rapier
Missiles
 e - 9 poisoned needles
Armour
 d - a +0 cloak (worn)
 C - a +1 robe of fire resistance (worn)
Jewellery
 y - a ring of poison resistance (left hand)
Magical devices
 k - a wand of fireball (4)
 v - a wand of digging (8)
 A - a wand of confusion (19)
Scrolls
 c - a scroll of identify
 f - a scroll of noise {unknown}
 h - a scroll of teleportation
 i - 2 scrolls of remove curse
 m - 3 scrolls of enchant weapon {unknown}
 p - 2 scrolls of enchant armour {unknown}
 q - a scroll of fog
Potions
 j - a potion of brilliance {unknown}
 l - a potion of restore abilities
 n - 2 potions of haste
 o - a potion of heal wounds
 s - a potion of curing
 t - a potion of degeneration {unknown}
 u - 2 potions of resistance {unknown}
 x - a potion of cure mutation
 B - a potion of poison {unknown}
Books
 w - a book of Enchantments

   Spells                             Type                      Level
   a - Tukima's Dance                 Hexes                        3
   b - Cause Fear                     Hexes                        4
   c - Silence                        Hexes/Air                    5
   d - Deflect Missiles               Charms/Air                   6
   e - Haste                          Charms                       6
   f - Discord                        Hexes                        8
Comestibles
 g - 4 bread rations


   Skills:
 + Level 4.4 Fighting
 + Level 5.5 Short Blades
 + Level 5.0 Throwing
 + Level 6.4 Dodging
 * Level 11.6 Stealth
 + Level 5.8 Evocations


You had 8 spell levels left.
You didn't know any spells.

Dungeon Overview and Level Annotations

Branches:
Dungeon (6/15)             Temple (1/1) D:4

Altars:
Ashenzari
Cheibriados
Dithmenos
Elyvilon
Fedhas
Gozag
Kikubaaqudgha
Makhleb
Nemelex Xobeh
Okawaru
Qazlal
Ru
Sif Muna
Trog
Vehumet
Xom
Yredelemnul
Zin
The Shining One

Annotations:
D:6 Dowan


Innate Abilities, Weirdness & Mutations

You are tiny and cannot use many weapons and most armour.
You have supernaturally acute eyesight.
You are a herbivore.
You cover ground extremely quickly.
You need consume almost no food.


Message History

Unknown command.
You hit Dowan.
Dowan looks even sicker.
Dowan is heavily wounded.
Dowan casts a spell at you. The shard of ice hits you!
Unknown command.
You hit Dowan.
Dowan is heavily wounded.
Dowan hits you with a dagger.
Unknown command.
You hit Dowan.
Dowan is severely wounded.
Dowan hits you with a dagger.
Unknown command.
You hit Dowan.
Dowan is almost dead.
Dowan gestures at you while chanting. The shard of ice hits you!
Ouch! That really hurt!
You die...

#.#.8.#....# ..# #.#...#....# #.#
#.##+##..### #####.##+##
#.......## #...'.....+
..###...############'##.##.##
.......##.#...........#.##.##
.......'..'.........(.'.....+
.......####.....e)....#.##..#
.###+#######....@##'###.# ##
.'......'..'.....'..'.[.#
.##..#######.....#'###...
###..#########'#.....#...
..+....'.......'.....'...
####..##.###.###.....##'##'#####+
####'###.###'####.....)..........
'........'....'.'...............o
#.###.######.##.#....... .<....o†


You could see Dowan.

Vanquished Creatures
  Pikel (D:6)
  Grinder (D:4)
  Duvessa (D:6)
  Menkaure (D:6)
  3 sky beasts
  An orc warrior (D:6)
  A slave (D:6)
  A centaur (D:6)
  A gnoll sergeant (D:4)
  2 crimson imps (D:6)
  A giant frog zombie (D:6)
  A hound (D:5)
  4 orc priests
  4 worker ants
  An iguana (D:6)
  6 orc wizards
  Natasha (thrice) (D:3)
  A hound skeleton (D:4)
  Robin (D:2)
  6 gnolls (D:4)
  4 adders
  2 shadow imps
  A giant mite (D:6)
  5 worms
  A giant gecko (D:2)
  2 oozes
  19 orcs
  5 giant cockroaches
  13 hobgoblins
  11 jackals
  3 ball pythons
  12 bats
  A giant gecko skeleton (D:5)
  8 giant newts
  14 goblins
  A jackal skeleton (D:6)
  9 kobolds
  5 quokkas
  8 rats
165 creatures vanquished.

Vanquished Creatures (others)
  A slave (D:6)
1 creature vanquished.

Grand Total: 166 creatures vanquished

Notes
Turn   | Place    | Note
--------------------------------------------------------------
     0 | D:1      | inmateoo, the Spriggan Assassin, began the quest for the Orb.
     0 | D:1      | Reached XP level 1. HP: 10/10 MP: 2/2
    16 | D:1      | Reached skill level 6 in Stealth
   423 | D:1      | Reached XP level 2. HP: 9/14 MP: 4/4
  1219 | D:2      | Reached XP level 3. HP: 18/18 MP: 6/6
  1264 | D:2      | Reached skill level 7 in Stealth
  1376 | D:2      | Noticed Robin
  1479 | D:2      | Reached XP level 4. HP: 19/23 MP: 8/8
  1531 | D:2      | Killed Robin
  1642 | D:2      | Found a burning altar of Makhleb.
  2161 | D:3      | Noticed Natasha
  2165 | D:3      | Killed Natasha
  2165 | D:3      | Reached XP level 5. HP: 24/26 MP: 10/10
  2244 | D:3      | Reached skill level 8 in Stealth
  2269 | D:3      | Noticed Natasha
  2300 | D:3      | Killed Natasha
  2622 | D:3      | Noticed Natasha
  2625 | D:3      | Killed Natasha
  3050 | D:4      | Reached skill level 1 in Evocations
  3132 | D:4      | Reached XP level 6. HP: 28/32 MP: 11/13
  3142 | D:4      | Found a staircase to the Ecumenical Temple.
  3165 | Temple   | Entered the Ecumenical Temple
  3262 | Temple   | Became a worshipper of Zin the Law-Giver
  3262 | Temple   | Acquired Zin's first power
  3479 | D:4      | Acquired Zin's second power
  3518 | D:4      | Found a blossoming altar of Fedhas.
  3559 | D:4      | Noticed Grinder
  3573 | D:4      | Killed Grinder
  3573 | D:4      | Reached skill level 9 in Stealth
  3573 | D:4      | Reached XP level 7. HP: 35/35 MP: 15/17
  4142 | D:5      | Entered Level 5 of the Dungeon
  4660 | D:5      | Reached skill level 5 in Dodging
  5361 | D:5      | Reached skill level 10 in Stealth
  5376 | D:5      | Reached XP level 8. HP: 21/40 MP: 19/19
  5924 | D:6      | Noticed Pikel
  6247 | D:6      | Reached skill level 5 in Short Blades
  6728 | D:6      | Killed Pikel
  6728 | D:6      | Reached skill level 11 in Stealth
  6728 | D:6      | Reached skill level 5 in Evocations
  6852 | D:6      | Noticed Menkaure
  6854 | D:6      | Killed Menkaure
  6904 | D:6      | Reached XP level 9. HP: 45/45 MP: 22/22
  6973 | D:6      | Acquired Zin's third power
  7007 | D:6      | Reached skill level 5 in Throwing
  7227 | D:6      | Noticed Dowan
  7228 | D:6      | Noticed Duvessa
  7251 | D:6      | Killed Duvessa
  7255 | D:6      | Killed from afar by Dowan

Action                   |  1- 3 |  4- 6 |  7- 9 || total
-------------------------+-------+-------+-------++-------
Melee: Dagger            |   103 |   146 |   199 ||   448
       Rapier            |       |       |    13 ||    13
 Fire: Blowgun           |    24 |    45 |    75 ||   144
Evoke: Wand              |       |     1 |       ||     1
  Use: Potion            |       |     4 |       ||     4
       Scroll            |       |     8 |     1 ||     9
 Stab: Sleeping          |     7 |    14 |    11 ||    32
       Distracted        |     2 |       |     2 ||     4
  Eat: Pizza             |       |       |     1 ||     1
       Fruit             |       |       |     1 ||     1
